 Dungeon Crawl Stone Soup version 0.23.2-33-g5129a83184 (webtiles) character file.

Game seed: 15715504597233133789

372 corax the Fighter (level 6, -3/57 HPs)
             Began as a Gnoll Wanderer on July 10, 2019.
             Slain by a worker ant (6 damage)
             ... on level 4 of the Dungeon.
             The game lasted 00:10:29 (2348 turns).

corax the Fighter (Gnoll Wanderer)                  Turns: 2348, Time: 00:10:30

Health: -3/57      AC: 10    Str: 22    XL:     6   Next: 71%
Magic:  8/9        EV: 14    Int: 20    God:
Gold:   66         SH:  0    Dex: 18    Spells: 9/9 levels left

rFire    . . .     SeeInvis .   a - +2 spear
rCold    . . .     Gourm    .   (no shield)
rNeg     . . .     Faith    .   i - +0 chain mail
rPois    .         Spirit   .   (helmet restricted)
rElec    .         Reflect  .   (no cloak)
rCorr    .         Harm     .   (no gloves)
MR       .....                  (no boots)
Stlth    +.........             (no amulet)
HPRegen  0.19/turn              (no ring)
MPRegen  0.11/turn              (no ring)

@: mighty, brilliant, agile
A: distributed training, fangs 1, horns 1, yellow scales 1, subdued magic 1,
strong nose
a: no special abilities


You were on level 4 of the Dungeon.
You were hungry.

You visited 1 branch of the dungeon, and saw 4 of its levels.

You collected 66 gold pieces.

Inventory:

Hand Weapons
 a - a +2 spear (weapon)
 b - a +0 hunting sling
 v - a +3 antimagic dagger
Missiles
 k - 109 stones (quivered)
 l - 34 sling bullets
Armour
 i - a +0 chain mail (worn)
Magical Staves
 w - an uncursed staff of air {unknown}
Jewellery
 h - an uncursed ring of resist corrosion {unknown}
 s - a cursed -2 ring of dexterity {unknown}
Wands
 u - a wand of flame (8)
Scrolls
 e - a scroll of magic mapping {unknown}
 g - 2 scrolls of enchant weapon {unknown}
 j - 6 scrolls of remove curse {unknown}
 n - a scroll of immolation {unknown}
 o - a scroll of blinking {unknown}
 p - a scroll of fog {unknown}
 q - a scroll of identify {unknown}
Potions
 c - 3 potions of lignification
 m - a potion of curing
 t - 2 potions of mutation
Comestibles
 f - 6 rations


   Skills:
 + Level 8.8 Fighting
 + Level 2.0 Short Blades
 + Level 2.0 Long Blades
 + Level 2.0 Axes
 + Level 2.0 Maces & Flails
 + Level 3.3 Polearms
 + Level 3.3 Staves
 + Level 2.0 Slings
 + Level 2.0 Bows
 + Level 2.0 Crossbows
 + Level 3.3 Throwing
 + Level 2.0 Armour
 + Level 3.3 Dodging
 + Level 3.1 Stealth
 + Level 3.3 Shields
 + Level 2.0 Unarmed Combat
 + Level 2.0 Spellcasting
 + Level 1.6 Conjurations
 + Level 1.6 Hexes
 + Level 1.6 Charms
 + Level 1.6 Summonings
 + Level 1.6 Necromancy
 + Level 1.6 Translocations
 + Level 1.6 Transmutations
 + Level 1.6 Fire Magic
 + Level 1.6 Ice Magic
 + Level 1.6 Air Magic
 + Level 1.6 Earth Magic
 + Level 1.6 Poison Magic
 + Level 2.2 Invocations
 + Level 2.0 Evocations


You had 9 spell levels left.
You didn't know any spells.
Your spell library was empty.

Dungeon Overview and Level Annotations

Branches:
Dungeon (4/15)
 Temple: D:4-7

Altars:
Dithmenos
Fedhas
Makhleb
Wu Jian

Portals:
Sewer: D:4

Annotations:
D:4 Grinder


Innate Abilities, Weirdness & Mutations

Your experience applies equally to all skills.
You have very sharp teeth.
Your uncanny sense of smell can sniff out nearby items.
You have a pair of small horns on your head.
You are partially covered in yellow scales. (AC +2)
Your spells are a little easier to cast, but a little less powerful.


Message History

Your Evocations skill increases to level 2!
The orc closely misses you. The hound completely misses you.
An orc wizard comes into view. It is wielding a +0 dagger.
The orc hits you but does no damage.
The orc shouts!
You puncture the hound! You headbutt the hound.
You kill the hound!
The orc misses you. The orc hits you but does no damage.
You see here a hound corpse.
The worker ant bites you but does no damage. x2
The orc hits you but does no damage. The worker ant closely misses you.
A worker ant comes into view.
An adder skeleton comes into view.
Found a spear.
An orc comes into view. It is wielding a +0 whip.
The orc shouts!
The worker ant waves its antennae.
The worker ant bites you.
You die...

.. ..)...... ..
...#...Z# ....
.###..#....# #....
...$....... ##....#
#........ . #.......
#......# ..
#......###......#.##.
......##...a........
##....##.o#@..##..
.##....ooo.##a...#
......o)#####.#..#
....#....##...#..# .#
##........# ...
..#.##.........##..##
...........o##.o..#..##
.....o......<.....#...#
.........>....##......#


You could see 2 worker ants, an orc and an adder skeleton (wandering).

Vanquished Creatures
  2 howler monkeys (D:4)
  A hound (D:4)
  An orc wizard (D:2)
  An orc priest (D:4)
  An iguana (D:3)
  Ijyb (D:3)
  A worker ant (D:3)
  A hound skeleton (D:2)
  4 adders
  An ooze (D:2)
  3 worms
  A dart slug (D:2)
  4 leopard geckos
  11 orcs
  A giant cockroach (D:1)
  9 goblins
  2 hobgoblins
  6 jackals
  4 bats
  6 frilled lizards
  A kobold (D:3)
  6 rats
68 creatures vanquished.

Notes
Turn   | Place    | Note
-------+----------+-------------------------------------------
     0 | D:1      | corax the Gnoll Wanderer began the quest for the Orb.
     0 | D:1      | corax set off with the following items: a +2 spear, a
                  | scroll of teleportation, a potion of lignification, a +0
                  | robe, a ration
     0 | D:1      | Reached XP level 1. HP: 26/26 MP: 1/1
    74 | D:1      | Reached XP level 2. HP: 33/33 MP: 2/2
   561 | D:2      | Found a faded altar of an unknown god.
   701 | D:2      | Reached XP level 3. HP: 34/38 MP: 3/3
   783 | D:2      | Reached skill level 1 in Invocations
  1046 | D:2      | Reached skill level 1 in Short Blades
  1046 | D:2      | Reached skill level 1 in Long Blades
  1046 | D:2      | Reached skill level 1 in Axes
  1046 | D:2      | Reached skill level 1 in Maces & Flails
  1046 | D:2      | Reached skill level 1 in Slings
  1046 | D:2      | Reached skill level 1 in Bows
  1046 | D:2      | Reached skill level 1 in Crossbows
  1046 | D:2      | Reached skill level 1 in Armour
  1046 | D:2      | Reached skill level 1 in Unarmed Combat
  1046 | D:2      | Reached skill level 1 in Spellcasting
  1046 | D:2      | Reached skill level 1 in Evocations
  1046 | D:2      | Reached XP level 4. HP: 41/45 MP: 5/5
  1199 | D:2      | Found a blossoming altar of Fedhas.
  1202 | D:2      | Found a burning altar of Makhleb.
  1206 | D:2      | Found a shadowy altar of Dithmenos.
  1405 | D:3      | Found an ornate altar of the Wu Jian Council.
  1518 | D:3      | Noticed Ijyb
  1547 | D:3      | Killed Ijyb
  1547 | D:3      | Reached skill level 1 in Conjurations
  1547 | D:3      | Reached skill level 1 in Hexes
  1547 | D:3      | Reached skill level 1 in Charms
  1547 | D:3      | Reached skill level 1 in Summonings
  1547 | D:3      | Reached skill level 1 in Necromancy
  1547 | D:3      | Reached skill level 1 in Translocations
  1547 | D:3      | Reached skill level 1 in Transmutations
  1547 | D:3      | Reached skill level 1 in Fire Magic
  1547 | D:3      | Reached skill level 1 in Ice Magic
  1547 | D:3      | Reached skill level 1 in Air Magic
  1547 | D:3      | Reached skill level 1 in Earth Magic
  1547 | D:3      | Reached skill level 1 in Poison Magic
  1773 | D:3      | Reached XP level 5. HP: 19/51 MP: 5/7
  2301 | D:4      | Found a glowing drain.
  2307 | D:4      | Noticed Grinder
  2307 | D:4      | Noticed an ice beast
  2323 | D:4      | Gained mutation: Your spells are a little easier to cast,
                  | but a little less powerful. [potion of mutation]
  2323 | D:4      | Gained mutation: You have a pair of small horns on your
                  | head. [potion of mutation]
  2323 | D:4      | Gained mutation: You are partially covered in yellow
                  | scales. (AC +2) [potion of mutation]
  2326 | D:4      | Reached XP level 6. HP: 29/57 MP: 8/8
  2340 | D:4      | HP: 1/57 [orc/+0 trident (6)]
  2348 | D:4      | Slain by a worker ant

Skill      XL: |  1  2  3  4  5  6 |
---------------+-------------------+-----
Invocations    | 1 2 |  2.2
Short Blades   | 1 2 |  2.0
Long Blades    | 1 2 |  2.0
Axes           | 1 2 |  2.0
Maces & Flails | 1 2 |  2.0
Slings         | 1 2 |  2.0
Bows           | 1 2 |  2.0
Crossbows      | 1 2 |  2.0
Armour         | 1 2 |  2.0
Unarmed Combat | 1 2 |  2.0
Spellcasting   | 1 2 |  2.0
Evocations     | 1 2 |  2.0
Conjurations   | 1 |  1.6
Hexes          | 1 |  1.6
Charms         | 1 |  1.6
Summonings     | 1 |  1.6
Necromancy     | 1 |  1.6
Translocations | 1 |  1.6
Transmutations | 1 |  1.6
Fire Magic     | 1 |  1.6
Ice Magic      | 1 |  1.6
Air Magic      | 1 |  1.6
Earth Magic    | 1 |  1.6
Poison Magic   | 1 |  1.6
Polearms       | 3 |  3.3
Staves         | 3 |  3.3
Throwing       | 3 |  3.3
Dodging        | 3 |  3.3
Shields        | 3 |  3.3
Stealth        | 3 |  3.1
Fighting       | |  8.8

Action                   |  1- 3 |  4- 6 || total
-------------------------+-------+-------++-------
Melee: Spear             |    64 |   141 ||   205
       Bite              |     7 |    15 ||    22
       Punch             |       |     2 ||     2
       Headbutt          |       |     5 ||     5
 Fire: Hunting sling     |    27 |    17 ||    44
Evoke: Wand              |       |     9 ||     9
  Use: Scroll            |       |     1 ||     1
       Potion            |       |     5 ||     5
  Eat: Chunk             |       |     4 ||     4
Armor: Leather armour    |     8 |       ||     8
       Robe              |     1 |       ||     1
       Chain mail        |    17 |    76 ||    93
Dodge: Dodged            |    28 |    62 ||    90
